 Dungeon Crawl Stone Soup version 0.26-a0-597-gb535b09 (webtiles) character file.

Game seed: 7037164287177047782

510533 mal2 the Hoplite (level 24, -9/240 HPs)
             Began as a Minotaur Berserker on Aug 24, 2020.
             Was a High Priest of Trog.
             Killed by divine providence
             ... invoked by a smoke demon
              (14 damage)
             ... on level 4 of the Abyss on Aug 27, 2020.
             The game lasted 06:39:32 (62570 turns).

mal2 the Hoplite (Minotaur Berserker)              Turns: 62570, Time: 06:39:33

Health: -9/240     AC: 39    Str: 37    XL:     24   Next: 31%
Magic:  13/22      EV: 33    Int:  6    God:    Trog [*****.]
Gold:   2804       SH: 28    Dex:  9    Spells: 23/23 levels left

rFire    + + .     SeeInvis .   a - +10 morningstar "Eos" {elec, Halo rElec}
rCold    + + .     Faith    .   M - +0 tower shield
rNeg     . . .     Spirit   .   t - +7 gold dragon scales
rPois    +         Reflect  .   (helmet restricted)
rElec    +         Harm     .   J - scarf {rC+ rF+}
rCorr    .                      j - +2 pair of gloves {Str+3}
MR       +++++                  r - +2 pair of boots {rampage}
Stlth    ..........             A - amulet of the acrobat
HPRegen  1.50/turn              D - ring "Nofi" {*Drain MR+++ Str+2 Dex-4 Stlth-}
MPRegen  0.18/turn              L - ring of the Queen {rElec EV+4 Str+3}

@: acrobat, regenerating, glowing, studying Dodging
A: retaliatory headbutt, horns 2, blurry vision 1
}: 2/15 runes: decaying, gossamer
a: Berserk, Trog's Hand, Brothers in Arms, Renounce Religion


You were on level 4 of the Abyss.
You worshipped Trog.
Trog was extremely pleased with you.
You visited 9 branches of the dungeon, and saw 42 of its levels.
You visited the Abyss 1 time.
You also visited: Sewer.

You collected 5460 gold pieces.
You spent 2656 gold pieces at shops.


Innate Abilities, Weirdness & Mutations

You reflexively headbutt those who attack you in melee.
You have a pair of horns on your head.
Scrolls take you a little longer to read.


   Skills:
 + Level 24.8 Fighting
   Level 10.0(15.7) Axes
 - Level 19.3(20.0) Maces & Flails
 + Level 9.5 Slings
 - Level 1.0(5.5) Throwing
 - Level 23.0 Armour
 - Level 15.0 Dodging
 - Level 25.0 Shields
 - Level 5.0 Evocations


You had 23 spell levels left.
You didn't know any spells.
Your spell library was empty.

Inventory:

Hand Weapons
 a - the +10 morningstar "Eos" (weapon) {elec, Halo rElec}
   (You found it on level 7 of the Dungeon)

   Occasionally, upon striking a foe, it will discharge some electrical energy
   and cause terrible harm.
   It insulates you from electricity.
 b - a +7 fustibalus of flaming
Missiles
 N - 192 sling bullets
 O - 7 curare-tipped darts (quivered) {=f}
Armour
 j - a +2 pair of gloves of strength (worn)
 p - a scarf of shadows
 r - a +2 pair of boots of rampaging (worn)
 t - +7 gold dragon scales (worn)
 J - a scarf of resistance (worn)
 M - a +0 tower shield (worn)
Jewellery
 A - an amulet of the acrobat (around neck)
 D - the ring "Nofi" (left hand) {*Drain MR+++ Str+2 Dex-4 Stlth-}
   (You found it on level 2 of the Spider Nest)

   [ring of attention]

   It affects your strength (+2).
   It affects your dexterity (-4).
   It affects your resistance to hostile enchantments.
   It causes draining when unequipped.
   It makes you less stealthy.
 E - the ring of Past Mistakes {rC+ rN+}
   (You took it off a vampire knight on level 4 of the Depths)

   [ring of positive energy]

   It protects you from cold.
   It protects you from negative energy.
 F - an uncursed ring of protection from fire
 L - the ring of the Queen (right hand) {rElec EV+4 Str+3}
   (You took it off a hell knight on level 4 of the Depths)

   [ring of evasion]

   It affects your evasion (+4).
   It affects your strength (+3).
   It insulates you from electricity.
 P - an uncursed ring of poison resistance
Wands
 c - a wand of acid (11)
 f - a wand of disintegration (13)
 g - a wand of random effects (92)
 o - a wand of enslavement (46)
 y - a wand of paralysis (50)
 C - a wand of digging (4)
 S - a wand of iceblast (26)
 X - a wand of polymorph (28)
Scrolls
 d - 7 scrolls of magic mapping
 h - 6 scrolls of blinking
 l - 8 scrolls of identify {@r1}
 m - 21 scrolls of remove curse {@r2}
 w - 22 scrolls of teleportation {@r4}
 B - 3 scrolls of enchant weapon
 G - a scroll of brand weapon
 Q - 5 scrolls of fear
 R - 4 scrolls of fog
 W - 3 scrolls of summoning
 Y - 3 scrolls of holy word
Potions
 e - 13 potions of heal wounds {@q2}
 i - 5 potions of cancellation
 k - 14 potions of curing {@q1}
 n - 12 potions of lignification
 q - 2 potions of resistance
 u - 7 potions of flight
 v - 8 potions of mutation
 z - 6 potions of ambrosia
 K - 5 potions of haste {@q3}
 T - 6 potions of might
 U - 4 potions of stabbing
 V - 2 potions of berserk rage {!q}
Books
 I - a manual of Dodging {!d}
Miscellaneous
 s - a box of beasts (3/3)
 x - a phial of floods
 H - a lightning rod (4/4)
 Z - a condenser vane (1/2)

Dungeon Overview and Level Annotations

Branches:
Dungeon (15/15)            Temple (0/1) D:6            Lair (5/6) D:11
  Swamp (4/4) Lair:2       Spider (4/4) Lair:3        Slime (0/5) Lair:5
    Orc (2/2) D:10            Elf (2/3) Orc:2        Vaults (4/5) D:14
  Crypt (0/3) Vaults:3     Depths (5/5) D:15           Hell (visited)
    Zot (0/5) Depths:5      Sewer (visited)
    Dis: Hell:1         Geh: Hell:1         Coc: Hell:1         Tar: Hell:1

Altars:
Elyvilon
Gozag
Makhleb
Qazlal
Sif Muna
Uskayaw
Vehumet
Beogh
Jiyva

Shops:
D:5 ?   D:11 *   Orc:2 [*(   Elf:2 }   Vaults:2 :   Vaults:4 !   Depths:1 }=}

Portals:
Hell: Depths:2 Depths:3 Depths:4 Depths:5
Abyss: Depths:4
Pandemonium: Depths:1 Depths:2 Depths:3
Ziggurat: Depths:5
Trove: D:10 (give +4 demon blade)

Annotations:
D:4 3 runed translucent doors, ZeeToo's ghost, novice VSBe
Lair:5 2 transporters
Swamp:2 2 transporters, exclusion: 2 ice statues
Elf:2 3 runed translucent doors
Depths:1 3 runed translucent doors, DrKleor's ghost, adept DsFi; Uhimeogi's ghost, adept GrFi
Depths:3 exclusion: orange crystal statue
Depths:4 2 transporters
Hell Geryon

.. ... .▓ #.v..# #..
#.. .. ▒# .. ..#
#..#. ▒ .# . #.▒▒ ▒.▒
.▒ #. ▒▒.▒ #XX▒# ..
.▒▒## ▒.▒▒3▒..▒.▒.
... .▒▒▒▒▒.X▒...v..
...#
▒..▒...X2XXX....2≈≈..
.▒...@▒..▒#...≈≈≈≈ ≈
▒▒..▒h.▒...≈.≈≈ ≈♣≈
....▒.▒▒...░≈≈≈
≈≈≈≈.▓ ..▒##▒.▒
▒▒.▒▒▒≈ ≈≈ ♣ .. #▒
▒....# ≈v≈≈≈ . ▓
.▒.▒#. .▒ ░ .. ▒. ▒##
# ▒ ░░


You could see 5 starcursed masses, a reaper, a spatial vortex, 2 large
abominations, a smoke demon and a raiju.


Message History

Trog accepts your kill.
A deafening chorus of shrieks assaults your mind!
* * * LOW HITPOINT WARNING * * *
You suddenly lose the ability to move!
A starcursed mass splits.
The reaper hits you from afar with a +5 antimagic scythe.
* * * LOW HITPOINT WARNING * * *
You feel your power leaking away. The starcursed mass engulfs you.
* * * LOW HITPOINT WARNING * * *
You can move again.
You sock the starcursed mass!
You destroy the starcursed mass!
Trog accepts your kill. You block the starcursed mass's attack.
The smoke demon gestures at you. Something smites you!
* * * LOW HITPOINT WARNING * * *
The reaper hits you from afar with a +5 antimagic scythe!
* * * LOW HITPOINT WARNING * * *
You feel your power leaking away. You block the starcursed mass's attack.
You hit the starcursed mass but do no damage.
You headbutt the starcursed mass!
The starcursed mass is moderately damaged.
The starcursed mass shudders and is absorbed by its neighbour.
A starcursed mass splits.
The starcursed mass engulfs you but does no damage.
The smoke demon gestures at you. Something smites you!
You die...

Skill      XL: |  1  2  3  4  5  6  7  8  9 10 11 12 13 14 15 16 17 18 19 20 21 22 23 24 |
---------------+-------------------------------------------------------------------------+-----
Axes           | 4 5 6 7 8 10 | 10.0
Fighting       | 4 5 6 7 9 10 11 12 13 15 16 18 19 20 21 22 23 24 | 24.8
Armour         | 3 4 5 6 8 10 11 12 13 14 16 17 18 19 20 21 22 23 | 23.0
Maces & Flails | 3 7 11 13 14 15 16 17 18 19 | 19.3
Shields        | 2 5 8 11 14 16 18 20 21 22 24 25 | 25.0
Evocations     | 3 5 |  5.0
Dodging        | 5 7 10 11 15 | 15.0
Throwing       | 1 |  1.0
Slings         | 7 9 |  9.5

Action                   |  1- 3 |  4- 6 |  7- 9 | 10-12 | 13-15 | 16-18 | 19-21 | 22-24 || total
-------------------------+-------+-------+-------+-------+-------+-------+-------+-------++-------
Melee: Hand axe          |    92 |   156 |   195 |       |       |       |       |       ||   443
       Headbutt          |    12 |    27 |    55 |    61 |   217 |   239 |   351 |   309 ||  1271
       Battleaxe         |       |       |    68 |       |       |       |       |       ||    68
       Morningstar       |       |       |    30 |   384 |   834 |  1204 |  1314 |  1207 ||  4973
 Fire: Fustibalus        |       |       |       |       |       |       |       |    26 ||    26
Throw: Dart              |       |     1 |    29 |    55 |    22 |    29 |    14 |     9 ||   159
       Throwing net      |       |       |       |       |       |     1 |       |       ||     1
Invok: Berserk           |     1 |     2 |     3 |       |       |     1 |     1 |     1 ||     9
       Trog's Hand       |       |     7 |     4 |     5 |     8 |    11 |     6 |    10 ||    51
       Brothers in Arms  |       |       |       |     2 |     7 |     5 |     5 |     9 ||    28
 Abil: Evoke Flight      |       |       |       |       |       |     1 |       |       ||     1
Evoke: Wand              |       |       |       |     3 |     2 |     6 |    10 |     7 ||    28
       Lightning rod     |       |       |       |     1 |       |       |     1 |     2 ||     4
       Condenser vane    |       |       |       |       |       |       |       |     2 ||     2
  Use: Scroll            |     2 |     5 |     7 |     5 |    13 |    18 |     6 |    15 ||    71
       Potion            |       |       |     1 |     2 |     1 |     3 |       |     5 ||    12
 Stab: Sleeping          |     1 |     3 |     3 |       |       |       |       |       ||     7
       Held in net/web   |       |       |       |     1 |       |     3 |       |       ||     4
       Distracted        |       |       |       |     1 |     2 |       |       |       ||     3
Armor: Animal skin       |    18 |    13 |    24 |       |       |       |       |       ||    55
       Chain mail        |       |       |   140 |    75 |       |       |       |       ||   215
       Ring mail         |       |       |       |    63 |   155 |       |       |       ||   218
       Scale mail        |       |       |       |       |    22 |    84 |       |       ||   106
       Gold dragon scale |       |       |       |       |       |   566 |   283 |   331 ||  1180
Dodge: Dodged            |    60 |    77 |   145 |   188 |   390 |   712 |   319 |   356 ||  2247
Block: Buckler           |       |       |     8 |    86 |    78 |       |       |       ||   172
       Kite shield       |       |       |       |       |   168 |   728 |       |       ||   896
       Tower shield      |       |       |       |       |       |   154 |  1136 |  1182 ||  2472

Levels and vault maps discovered:
D:1:      dpeg_arrival_shelter, layout_loops_ring, kennysheep_pointless_box
D:2:      layout_loops_ring, lemuel_round_altar, lemuel_doored_altar
D:3:      layout_loops_corners, nicolae_overflow_crystal_walls, uniq_jessica,
          uniq_terence
D:4:      layout_loops_ring, lemuel_coloured_pillars_altar,
          gammafunk_ghost_necromancy, minmay_fractal_squares_gapless_5
D:5:      layout_cave_pods, gup_sewer_entry_bowl, serial_shops,
          nicolae_shop_window_shopping, led_sif_book
D:6:      layout_layer_cave, makhleb_blood_cavern_becter,
          eat_drink_and_be_merry_uskayaw, minmay_temple_entry_grid,
          uniq_eustachio
D:7:      cheibrodos_fzero, layout_loops_ring
D:8:      old_forge, layout_cave_pools, elyvilon_altar_1, minmay_misc_feat_iff,
          kennysheep_generic_room_4, uniq_psyche
D:9:      layout_cave_pods, uniq_pikel
D:10:     layout_gridville, orc_0_dummy, enter_trove_6
D:11:     layout_basic, minmay_lair_entry_grove, serial_shops,
          nicolae_shop_temple_entry_statues_fountains, uniq_erica, uniq_urug
D:12:     layout_roguey
D:13:     layout_grid_maze, glass_columns_a, uniq_frances, uniq_kirke
D:14:     layout_basic, erik_vaults_2, dk_noncrumbling_3,
          nrook_guardian_serpent_ordinary
D:15:     grunt_enter_depths_magical_seal, layout_basic, serial_aquarium,
          aquarium_bridge_long_joined [aquarium_subvault_balcony,
          aquarium_subvault_window, aquarium_subvault_window,
          aquarium_subvault_wall, aquarium_subvault_window,
          aquarium_subvault_bridge], aquarium_window_double,
          aquarium_window_fake, aquarium_window_2, aquarium_view_2c,
          aquarium_view_2c
Lair:1:   layout_concentric_octagons, infiniplex_staircase_pool_2, uniq_harold
Lair:2:   layout_small_grid, nicolae_swamp_entry_splash_gauntlet
Lair:3:   layout_roguey, nicolae_spider_entry_orb_guardian, pf_torpor_hydra
Lair:4:   beast_lair_carwin_large_1, layout_hall_layers
Lair:5:   gammafunk_cloud_chamber, layout_cave_pods, slime_altar_1
Swamp:1:  layout_basic_swamp, evilmike_swamp_ruin_house_1, uniq_josephine
Swamp:2:  gammafunk_the_bubble [the_bubble_gammafunk_crates],
          layout_basic_swamp, portal_ice_cave_entry_ice_statue_two,
          hangedman_swamp_cone, swamp_pool2, infiniplex_staircase_pool
Swamp:3:  layout_basic_swamp, evilmike_swamp_ruin_house_4, uniq_donald
Swamp:4:  swamp, layout_basic_swamp
Spider:1: layout_spider_delve
Spider:2: layout_spider_delve
Spider:3: layout_spider_delve
Spider:4: grunt_spider_rune_circles, nicolae_spider_cling_ruins
Orc:1:    layout_diamond_mine, uniq_fannar
Orc:2:    grunt_orc_community_town_hall, layout_diamond_mine,
          grunt_orc_community_big_house_2, grunt_orc_community_big_house_1,
          grunt_orc_community_house_3, grunt_orc_community_house_2,
          grunt_orc_community_house_1, grunt_orc_community_house_3,
          grunt_orc_community_house_3
Elf:1:    eino_elf_arrival_the_gate, layout_loops_corners,
          kennysheep_underground_church, drop_trap
Elf:2:    layout_geoelf_diagonals, serial_shops, shop, special_room
          [special_room_orc], dk_noncrumbling_4, minivault_28, uniq_jorgrun
Vaults:1: ontoclasm_vaults_fault, hangedman_vaults_variations, v_misc_19,
          nicolae_vaults_yaktaur_gun_rack, nicolae_vaults_angled_halls,
          ontoclasm_vaults_pinch, hangedman_vaults_river_flow,
          nicolae_vaults_little_ls, ontoclasm_vaults_twist, vaults_door_vault,
          layout_vaults_maze_snakey, uniq_asterion
Vaults:2: ontoclasm_vaults_spin, nicolae_vaults_three_branches,
          hangedman_vaults_impose, v_alt_pattern_4, grunt_vaults_diagonal,
          nicolae_vaults_octagons, vaults_dpeg_hooks, v_alt_pattern_5,
          hangedman_vaults_pinch, v_misc_23, layout_vaults_omnicross,
          serial_shops, shop
Vaults:3: hangedman_vaults_stitches, minmay_crypt_entry_simple_box,
          nicolae_vaults_disjoint_gnomons, hangedman_vaults_corner_blocks,
          ontoclasm_vaults_ligature, vaults_room_boxed,
          ontoclasm_vaults_gateway, v_misc_25, v_pattern_3,
          nicolae_vaults_network_star, hangedman_vaults_restitches,
          vaults_room_guarded_vault, vaults_room_octagon, layout_vaults_omnibox
Vaults:4: nicolae_vaults_gold_heap, grunt_vaults_focal,
          nicolae_vaults_little_squares_6, st_hourglassy,
          nicolae_vaults_stairing_the_circle, vaults_room_fancy_cross,
          vaults_mumra_chevron_long, vaults_room_hallway,
          nicolae_vaults_angled_halls, v_misc_19, vaults_room_corners,
          layout_vaults_big_room, serial_shops, nicolae_shop_trees, uniq_sojobo
Depths:1: layout_big_octagon, pan_entry, gammafunk_ghost_cemetery,
          grunt_hell_entry_dis_old, hangedman_decor_lopped,
          lemuel_nasty_fountain, minmay_shop_grove
Depths:2: lemuel_castle_with_subvaults [lemuel_castle_interior_carwin_1],
          layout_basic, hangedman_geh_valley, minmay_misc_feat_doors, pan_entry,
          minmay_the_grid_2x2 [minmay_the_grid_odd_star,
          minmay_the_grid_diamond_grid, minmay_the_grid_pillar_ring,
          minmay_the_grid_prize_four_corners_diamond_a],
          minmay_staircase_statues_hall_small, firewood_loft
Depths:3: minmay_central_circle, layout_twisted_cross, grunt_pan_entry_zigzag,
          hell_entry, patterned_corridor, minivault_16
Depths:4: hangedman_spin_cycle, abyss_entry, hell_entry
Depths:5: evilmike_zot_entry_hall, layout_cave_pools, enter_ziggurat_f,
          grunt_hell_horde, minmay_misc_feat_diagonals, uniq_enchantress
Hell
Abyss:4:  base: Lair:6, evilmike_abyss_rune_siren_acolytes, minivault_11

Notes
Turn   | Place    | Note
-------+----------+-------------------------------------------
     0 | D:1      | mal2 the Minotaur Berserker began the quest for the Orb.
     0 | D:1      | Reached XP level 1. HP: 19/19 MP: 0/0
    64 | D:1      | Reached XP level 2. HP: 10/27 MP: 1/1
   325 | D:1      | Reached skill level 4 in Axes
   353 | D:1      | Reached skill level 4 in Fighting
   376 | D:1      | Reached skill level 3 in Armour
  1018 | D:2      | Reached ** piety under Trog
  1020 | D:2      | Reached XP level 3. HP: 30/33 MP: 2/2
  1211 | D:2      | Found a shimmering blue altar of Sif Muna.
  1418 | D:2      | Found a radiant altar of Vehumet.
  2035 | D:3      | Reached XP level 4. HP: 35/41 MP: 3/3
  2403 | D:3      | Found a stormy altar of Qazlal.
  2434 | D:3      | Reached skill level 4 in Armour
  2440 | D:3      | HP: 2/41 [gnoll/+0 club (8)]
  2583 | D:3      | Reached skill level 5 in Fighting
  2583 | D:3      | Reached XP level 5. HP: 36/48 MP: 4/4
  2622 | D:3      | Reached skill level 5 in Axes
  2800 | D:3      | Noticed Terence
  2800 | D:3      | Noticed Jessica
  2808 | D:3      | Killed Terence
  2811 | D:3      | Killed Jessica
  3516 | D:4      | Reached XP level 6. HP: 56/56 MP: 5/5
  3680 | D:4      | Reached skill level 5 in Armour
  3685 | D:4      | Reached skill level 6 in Fighting
  3685 | D:4      | Reached skill level 6 in Axes
  4080 | D:4      | Found a runed translucent gate.
  4080 | D:4      | Found a runed translucent gate.
  4080 | D:4      | Found a runed translucent gate.
  4080 | D:4      | Noticed ZeeToo's ghost (novice VSBe)
  4203 | D:4      | Found an opulent altar of Gozag.
  4369 | D:4      | Reached XP level 7. HP: 64/64 MP: 6/6
  4447 | D:4      | Reached skill level 6 in Armour
  4816 | D:5      | Entered Level 5 of the Dungeon
  4854 | D:5      | Found a shimmering blue altar of Sif Muna.
  4871 | D:5      | Found a glowing drain.
  4875 | Sewer    | Entered a sewer
  4944 | Sewer    | Reached *** piety under Trog
  4982 | Sewer    | Found a white marble altar of Elyvilon.
  5159 | D:5      | Reached skill level 7 in Fighting
  5340 | D:5      | Reached skill level 7 in Axes
  5446 | D:5      | Found Wesiux's Magic Scroll Emporium.
  6245 | D:6      | Reached XP level 8. HP: 73/73 MP: 7/7
  6319 | D:6      | Found a staircase to the Ecumenical Temple.
  6354 | D:6      | Noticed Eustachio
  6368 | D:6      | Reached skill level 7 in Armour
  6377 | D:6      | Killed Eustachio
  6546 | D:6      | Found a burning altar of Makhleb.
  6557 | D:6      | Reached skill level 8 in Fighting
  6557 | D:6      | Reached skill level 8 in Axes
  6586 | D:6      | Found a hide-covered altar of Uskayaw.
  7280 | D:6      | Reached skill level 8 in Armour
  8073 | D:7      | Noticed a cyclops
  8092 | D:7      | Reached skill level 9 in Fighting
  8092 | D:7      | Reached XP level 9. HP: 49/83 MP: 8/8
  8096 | D:7      | Reached skill level 9 in Axes
  8102 | D:7      | Killed a cyclops
  8102 | D:7      | Reached skill level 9 in Armour
  8294 | D:7      | Reached **** piety under Trog
  8404 | D:7      | Found the +10 morningstar "Eos" {elec, Halo rElec}
  8419 | D:7      | Reached skill level 10 in Fighting
  8443 | D:7      | Upgraded the game from 0.26-a0-580-g4860111 to
                  | 0.26-a0-591-g04f19ec
  8703 | D:7      | Reached skill level 10 in Axes
  8739 | D:7      | Identified a scarf of resistance (You found it on level 7
                  | of the Dungeon)
  9026 | D:7      | Reached skill level 1 in Maces & Flails
  9419 | D:8      | Noticed Psyche
  9469 | D:8      | Killed Psyche
  9469 | D:8      | Reached skill level 2 in Maces & Flails
  9469 | D:8      | Reached skill level 10 in Armour
  9469 | D:8      | Reached skill level 1 in Shields
  9602 | D:8      | Reached skill level 3 in Maces & Flails
  9678 | D:8      | Found a white marble altar of Elyvilon.
  9696 | D:8      | Reached skill level 2 in Shields
  9696 | D:8      | Reached XP level 10. HP: 94/94 MP: 9/9
  9908 | D:8      | Found the +7 Singing Sword {vorpal, sonic wave}
  9988 | D:8      | Reached skill level 4 in Maces & Flails
 10162 | D:9      | Noticed a two-headed ogre
 10178 | D:9      | Killed a two-headed ogre
 10178 | D:9      | Reached skill level 5 in Maces & Flails
 10178 | D:9      | Reached skill level 3 in Shields
 10219 | D:9      | Noticed Pikel
 10230 | D:9      | Killed Pikel
 10230 | D:9      | Reached ***** piety under Trog
 10370 | D:9      | Reached skill level 6 in Maces & Flails
 10381 | D:9      | Reached skill level 4 in Shields
 10466 | D:9      | Reached skill level 11 in Fighting
 10963 | D:9      | Noticed a two-headed ogre
 10978 | D:9      | Killed a two-headed ogre
 10978 | D:9      | Reached skill level 7 in Maces & Flails
 11568 | D:9      | Reached skill level 5 in Shields
 11587 | D:9      | Reached skill level 11 in Armour
 11710 | D:10     | Entered Level 10 of the Dungeon
 11722 | D:10     | Got a jewelled ring mail
 11733 | D:10     | Identified the +5 ring mail of the Dancing Allies {Str+5}
                  | (You found it on level 10 of the Dungeon)
 11763 | D:10     | Noticed an unseen horror
 11764 | D:10     | Killed an unseen horror
 11764 | D:10     | Reached XP level 11. HP: 102/102 MP: 10/10
 11907 | D:10     | Reached skill level 8 in Maces & Flails
 12050 | D:10     | Found a portal to a secret trove of treasure.
 12056 | D:10     | Noticed a red ugly thing
 12061 | D:10     | Killed a red ugly thing
 12380 | D:10     | Found a staircase to the Orcish Mines.
 12418 | D:10     | Noticed a two-headed ogre
 12423 | D:10     | Killed a two-headed ogre
 12522 | Orc:1    | Entered Level 1 of the Orcish Mines
 12567 | Orc:1    | Reached skill level 9 in Maces & Flails
 12824 | Orc:2    | Entered Level 2 of the Orcish Mines
 12995 | Orc:1    | Noticed Fannar
 13009 | Orc:1    | Killed Fannar
 13072 | Orc:1    | Noticed an orc sorcerer
 13078 | Orc:1    | Killed an orc sorcerer
 13184 | Orc:2    | Noticed an orc sorcerer
 13186 | Orc:2    | Noticed an orc high priest
 13263 | Orc:2    | Noticed a sun demon
 13266 | Orc:1    | Killed an orc sorcerer
 13266 | Orc:1    | Reached skill level 12 in Fighting
 13390 | Orc:2    | Killed an orc high priest
 13390 | Orc:2    | Reached skill level 10 in Maces & Flails
 13538 | Orc:2    | Noticed an orc sorcerer
 13546 | Orc:2    | Killed an orc sorcerer
 13546 | Orc:2    | Reached skill level 12 in Armour
 13768 | Orc:2    | Found a roughly hewn altar of Beogh.
 13845 | Orc:2    | Found a staircase to the Elven Halls.
 13871 | Orc:2    | Noticed an orc sorcerer
 13873 | Orc:2    | Noticed an orc knight
 13878 | Orc:2    | Killed an orc sorcerer
 13878 | Orc:2    | Reached skill level 11 in Maces & Flails
 13885 | Orc:2    | Killed an orc knight
 13923 | Orc:2    | Noticed an orc sorcerer
 13926 | Orc:2    | Noticed an orc warlord
 13934 | Orc:2    | Killed an orc sorcerer
 13934 | Orc:2    | Reached XP level 12. HP: 24/113 MP: 11/11
 14242 | Orc:2    | Found a roughly hewn altar of Beogh.
 14250 | Orc:2    | Noticed an orc high priest
 14259 | Orc:2    | Killed an orc high priest
 14259 | Orc:2    | Reached ****** piety under Trog
 14368 | Orc:2    | Found Ixunlaet's Assorted Antiques.
 14566 | Orc:2    | Killed an orc warlord
 14566 | Orc:2    | Reached skill level 12 in Maces & Flails
 14571 | Orc:2    | Found Beppulav's Antique Weapon Emporium.
 14572 | Orc:2    | Found a roughly hewn altar of Beogh.
 14738 | Orc:2    | Found Wup Tanliy's Antique Armour Shoppe.
 14919 | Orc:2    | Reached skill level 13 in Fighting
 14931 | Orc:2    | Found a roughly hewn altar of Beogh.
 14932 | Orc:2    | Found Ycsib's Weapon Shoppe.
 14933 | Orc:2    | Received a gift from Trog
 15254 | Orc:1    | Noticed an orc warlord
 15269 | Orc:1    | Killed an orc warlord
 15272 | Orc:1    | Reached skill level 13 in Armour
 15999 | D:11     | Reached skill level 1 in Evocations
 16003 | D:11     | Reached skill level 13 in Maces & Flails
 16062 | D:11     | Found Gaeji's Assorted Antiques.
 16064 | D:11     | Found a staircase to the Lair.
 16336 | D:11     | Noticed Urug
 16348 | D:11     | Killed Urug
 16362 | D:11     | Reached skill level 2 in Evocations
 16362 | D:11     | Noticed Erica
 16375 | D:11     | Killed Erica
 16470 | Lair:1   | Entered Level 1 of the Lair of Beasts
 16512 | Lair:1   | Noticed a four-headed hydra
 16518 | Lair:1   | Killed a four-headed hydra
 16777 | Lair:1   | Noticed Harold
 16786 | Lair:1   | Killed Harold
 16786 | Lair:1   | Received a gift from Trog
 16874 | Lair:1   | Reached skill level 3 in Evocations
 16910 | Lair:1   | Reached XP level 13. HP: 123/123 MP: 12/12
 17736 | Lair:2   | Reached skill level 14 in Fighting
 18388 | Lair:2   | Reached skill level 4 in Evocations
 18393 | Lair:2   | Found a staircase to the Swamp.
 18670 | Lair:3   | Reached skill level 14 in Armour
 18938 | Lair:3   | Reached skill level 14 in Maces & Flails
 18992 | Lair:3   | Found a runed translucent door.
 19348 | Lair:2   | Reached skill level 5 in Evocations
 19719 | Lair:3   | Found a hole to the Spider Nest.
 20342 | Lair:3   | Received a gift from Trog
 20618 | Lair:3   | Got a pair of faintly glowing gloves
 20629 | Lair:3   | Identified the +0 pair of gloves "Uluhi" {+Inv Int+7} (You
                  | found it on level 3 of the Lair of Beasts)
 20858 | Lair:4   | Reached skill level 15 in Fighting
 21021 | Lair:4   | Reached XP level 14. HP: 103/135 MP: 13/13
 21249 | Lair:4   | Reached skill level 15 in Armour
 21494 | Lair:4   | Reached skill level 15 in Maces & Flails
 21878 | Lair:5   | Received a gift from Trog
 22034 | Lair:5   | Found a staircase to the Slime Pits.
 22269 | Lair:5   | Found a viscous altar of Jiyva.
 22454 | Lair:5   | Found a transporter.
 22627 | Lair:5   | Found a transporter.
 23626 | D:12     | Reached skill level 16 in Fighting
 23861 | D:12     | Reached skill level 6 in Shields
 24117 | D:13     | Noticed Kirke
 24123 | D:13     | Reached skill level 16 in Armour
 24132 | D:13     | Killed Kirke
 24132 | D:13     | Received a gift from Trog
 24137 | D:13     | Reached skill level 7 in Shields
 24892 | D:13     | Noticed Frances
 24901 | D:13     | Killed Frances
 25345 | D:14     | Found a gate to the Vaults.
 25374 | D:14     | Reached skill level 8 in Shields
 25378 | D:14     | Reached XP level 15. HP: 109/145 MP: 14/14
 25585 | D:14     | Reached skill level 17 in Fighting
 26094 | D:14     | Reached skill level 9 in Shields
 26435 | D:15     | Entered Level 15 of the Dungeon
 26744 | D:15     | Reached skill level 17 in Armour
 27152 | D:15     | Reached skill level 10 in Shields
 27875 | D:15     | Found a staircase to the Depths.
 28709 | Swamp:1  | Entered Level 1 of the Swamp
 28711 | Swamp:1  | Noticed Josephine
 28817 | Lair:2   | Killed Josephine
 28979 | Swamp:1  | Reached skill level 11 in Shields
 29050 | Swamp:1  | Received a gift from Trog
 29353 | Swamp:1  | Reached skill level 18 in Fighting
 29988 | Swamp:2  | Found a transporter.
 30000 | Swamp:2  | Noticed a thorn hunter
 30003 | Swamp:2  | Found a transporter.
 30014 | Swamp:2  | Reached XP level 16. HP: 157/157 MP: 15/15
 30137 | Swamp:2  | Reached skill level 18 in Armour
 30158 | Swamp:2  | Noticed a thorn hunter
 30168 | Swamp:2  | Killed a thorn hunter
 30331 | Swamp:2  | Found a frozen archway.
 31125 | Swamp:3  | Noticed Donald
 31418 | Swamp:2  | Reached skill level 3 in Dodging
 31418 | Swamp:2  | Reached skill level 12 in Shields
 31495 | Swamp:3  | Received a gift from Trog
 31513 | Swamp:3  | Killed Donald
 32214 | Swamp:4  | Entered Level 4 of the Swamp
 32239 | Swamp:4  | Noticed a thorn hunter
 32248 | Swamp:4  | Killed a thorn hunter
 32415 | Swamp:4  | Reached skill level 4 in Dodging
 32483 | Swamp:4  | Noticed a thorn hunter
 32498 | Swamp:4  | Killed a thorn hunter
 32683 | Swamp:4  | Reached skill level 13 in Shields
 32685 | Swamp:4  | Noticed a thorn hunter
 32703 | Swamp:4  | Killed a thorn hunter
 32710 | Swamp:4  | Reached skill level 5 in Dodging
 33208 | Swamp:4  | Got a decaying rune of Zot
 33539 | Orc:2    | Bought shiny gold dragon scales for 2656 gold pieces
 33835 | Spider:1 | Entered Level 1 of the Spider Nest
 35066 | Spider:2 | Reached skill level 14 in Shields
 35441 | Spider:1 | Reached skill level 19 in Fighting
 35888 | Spider:1 | Reached XP level 17. HP: 163/168 MP: 16/16
 36219 | Spider:2 | Received a gift from Trog
 36328 | Spider:2 | Reached skill level 19 in Armour
 36521 | Spider:2 | Got a brightly glowing lapis lazuli ring
 36692 | Spider:2 | Identified the ring "Nofi" {*Drain MR+++ Str+2 Dex-4
                  | Stlth-} (You found it on level 2 of the Spider Nest)
 36998 | Spider:3 | Reached skill level 15 in Shields
 37945 | Spider:4 | Entered Level 4 of the Spider Nest
 38575 | Spider:4 | Received a gift from Trog
 38966 | Spider:4 | Reached skill level 16 in Shields
 39196 | Spider:4 | Got a gossamer rune of Zot
 39646 | Vaults:1 | Entered Level 1 of the Vaults
 39988 | Vaults:1 | Received a gift from Trog
 39990 | Vaults:1 | Reached XP level 18. HP: 178/178 MP: 17/17
 40276 | Vaults:1 | Reached skill level 17 in Shields
 40282 | Vaults:1 | Reached skill level 20 in Fighting
 40425 | Vaults:1 | Noticed Asterion
 40456 | Vaults:1 | Killed Asterion
 40869 | Vaults:1 | Reached skill level 20 in Armour
 41097 | Vaults:1 | Found a huge runed gate.
 41097 | Vaults:1 | Found a huge runed gate.
 41097 | Vaults:1 | Found a huge runed gate.
 41097 | Vaults:1 | Found a huge runed gate.
 41097 | Vaults:1 | Found a huge runed gate.
 41097 | Vaults:1 | Found a huge runed gate.
 41098 | Vaults:1 | Found a huge runed gate.
 41098 | Vaults:1 | Found a huge runed gate.
 41098 | Vaults:1 | Found a huge runed gate.
 41098 | Vaults:1 | Found a huge runed gate.
 41098 | Vaults:1 | Found a huge runed gate.
 41099 | Vaults:1 | Found a huge runed gate.
 41100 | Vaults:1 | Found a huge runed gate.
 41100 | Vaults:1 | Found a huge runed gate.
 41101 | Vaults:1 | Found a huge runed gate.
 41101 | Vaults:1 | Found a huge runed gate.
 41102 | Vaults:1 | Found a huge runed gate.
 41109 | Vaults:1 | Received a gift from Trog
 41146 | Vaults:1 | Found a huge runed gate.
 41146 | Vaults:1 | Found a huge runed gate.
 41146 | Vaults:1 | Found a huge runed gate.
 41146 | Vaults:1 | Found a huge runed gate.
 41146 | Vaults:1 | Found a huge runed gate.
 41146 | Vaults:1 | Found a huge runed gate.
 41146 | Vaults:1 | Found a huge runed gate.
 41147 | Vaults:1 | Found a huge runed gate.
 41148 | Vaults:1 | Found a huge runed gate.
 41156 | Vaults:1 | Found a huge runed gate.
 41156 | Vaults:1 | Found a huge runed gate.
 41156 | Vaults:1 | Found a huge runed gate.
 41156 | Vaults:1 | Found a huge runed gate.
 41156 | Vaults:1 | Found a huge runed gate.
 41156 | Vaults:1 | Found a huge runed gate.
 41156 | Vaults:1 | Found a huge runed gate.
 41157 | Vaults:1 | Found a huge runed gate.
 41158 | Vaults:1 | Found a huge runed gate.
 41166 | Vaults:1 | Found a huge runed gate.
 41641 | Vaults:1 | Reached skill level 18 in Shields
 42497 | Vaults:2 | Reached skill level 6 in Dodging
 42853 | Vaults:2 | Found Hijeifid's Book Shop.
 43311 | Vaults:2 | Reached skill level 7 in Dodging
 43425 | Vaults:3 | Received a gift from Trog
 43425 | Vaults:3 | Reached XP level 19. HP: 176/187 MP: 18/18
 43621 | Vaults:3 | Noticed a curse skull
 43630 | Vaults:3 | Noticed a curse skull
 43639 | Vaults:3 | Killed a curse skull
 43647 | Vaults:3 | Killed a curse skull
 43920 | Vaults:3 | Found a staircase to the Crypt.
 44045 | Vaults:3 | Reached skill level 19 in Shields
 44047 | Vaults:3 | Reached skill level 8 in Dodging
 44737 | Vaults:3 | Reached skill level 9 in Dodging
 44791 | Vaults:3 | Received a gift from Trog
 44914 | Vaults:3 | Reached skill level 21 in Fighting
 44984 | Vaults:3 | Reached skill level 16 in Maces & Flails
 45247 | Vaults:3 | Reached skill level 10 in Dodging
 45266 | Vaults:3 | Reached skill level 21 in Armour
 45809 | Vaults:4 | Reached skill level 20 in Shields
 45813 | Vaults:4 | Noticed Sojobo
 45828 | Vaults:4 | Killed Sojobo
 45831 | Vaults:4 | Reached XP level 20. HP: 180/198 MP: 19/19
 45896 | Vaults:4 | Received a gift from Trog
 46567 | Vaults:4 | Identified the +8 bardiche of Fundamental Breach {venom,
                  | Str+4}
 47199 | Vaults:4 | Found Cethrezo's Distillery.
 47783 | Depths:1 | Entered Level 1 of the Depths
 47981 | Depths:1 | Reached skill level 21 in Shields
 48346 | Depths:1 | Reached skill level 17 in Maces & Flails
 48363 | Depths:1 | Received a gift from Trog
 48874 | Depths:1 | Found a one-way gate leading to the halls of Pandemonium.
 49287 | Depths:1 | Found a runed translucent gate.
 49287 | Depths:1 | Found a runed translucent gate.
 49287 | Depths:1 | Found a runed translucent gate.
 49287 | Depths:1 | Noticed DrKleor's ghost (adept DsFi)
 49287 | Depths:1 | Noticed Uhimeogi's ghost (adept GrFi)
 49390 | Depths:1 | Found Royvaeg's Gadget Boutique.
 49390 | Depths:1 | Found Vidi's Jewellery Shoppe.
 49391 | Depths:1 | Found Nidghutsi's Gadget Boutique.
 49484 | Depths:2 | Reached XP level 21. HP: 206/206 MP: 20/20
 49801 | Depths:2 | Reached skill level 22 in Fighting
 49818 | Depths:2 | Received a gift from Trog
 50042 | Depths:2 | Reached skill level 22 in Armour
 50173 | Depths:2 | Reached skill level 22 in Shields
 50421 | Depths:2 | Identified the +6 scale mail "Fuptus" {rF+ rN+} (You found
                  | it on level 2 of the Depths)
 50852 | Depths:2 | Reached skill level 18 in Maces & Flails
 50874 | Depths:2 | Received a gift from Trog
 50941 | Depths:2 | Identified the +7 chain mail "Befir" {Rampage rPois rF-
                  | rN+} (You found it on level 2 of the Depths)
 51231 | Depths:2 | Found a gateway to Hell.
 51945 | Depths:3 | Noticed a caustic shrike
 51952 | Depths:3 | Killed a caustic shrike
 52021 | Depths:3 | Reached XP level 22. HP: 106/217 MP: 21/21
 52347 | Depths:3 | Reached skill level 23 in Shields
 52419 | Depths:3 | Noticed a caustic shrike
 52427 | Depths:3 | Killed a caustic shrike
 52447 | Depths:3 | Received a gift from Trog
 52496 | Depths:3 | Noticed a golden dragon
 52520 | Depths:3 | Killed a golden dragon
 52905 | Depths:3 | Noticed a juggernaut
 52918 | Depths:3 | Killed a juggernaut
 53403 | Depths:3 | Reached skill level 23 in Fighting
 53514 | Depths:3 | Received a gift from Trog
 53850 | Depths:4 | Noticed Margery
 53862 | Depths:4 | Killed Margery
 53866 | Depths:4 | Reached skill level 19 in Maces & Flails
 53961 | Depths:4 | Reached skill level 23 in Armour
 53977 | Depths:4 | Upgraded the game from 0.26-a0-591-g04f19ec to
                  | 0.26-a0-597-gb535b09
 53995 | Depths:4 | Paralysed by a floating eye for 3 turns
 54254 | Depths:4 | Reached skill level 24 in Shields
 54508 | Depths:4 | Reached skill level 11 in Dodging
 54687 | Depths:4 | Found a transporter.
 54695 | Depths:4 | Reached XP level 23. HP: 214/227 MP: 22/22
 54722 | Depths:4 | Identified the ring of Lacim {Ice Stlth+} (You found it on
                  | level 4 of the Depths)
 54752 | Depths:4 | Found a one-way gate to the infinite horrors of the Abyss.
 54918 | Depths:4 | Identified the ring of the Queen {rElec EV+4 Str+3}
 55064 | Depths:4 | Found a stormy altar of Qazlal.
 55091 | Depths:4 | Found a transporter.
 55161 | Depths:4 | Identified the ring of Past Mistakes {rC+ rN+}
 55175 | Depths:4 | Reached skill level 12 in Dodging
 55395 | Depths:4 | Reached skill level 1 in Throwing
 56541 | Hell     | Entered the Vestibule of Hell
 56541 | Hell     | Noticed Geryon
 56608 | Depths:5 | Entered Level 5 of the Depths
 56608 | Depths:5 | Found a gateway to a ziggurat.
 56608 | Depths:5 | Noticed the Enchantress
 56810 | Depths:5 | Killed the Enchantress
 56810 | Depths:5 | Reached skill level 1 in Slings
 56983 | Depths:5 | Received a gift from Trog
 56983 | Depths:5 | Reached skill level 2 in Slings
 57236 | Depths:5 | Found the +3 hat of Pondering {ponderous, MR+ MP+10 Int+5}
 57577 | Depths:5 | Reached skill level 3 in Slings
 57585 | Depths:5 | Reached skill level 25 in Shields
 57605 | Depths:5 | Reached skill level 13 in Dodging
 57781 | Depths:5 | Reached skill level 4 in Slings
 57945 | Depths:5 | Found a gate to the Realm of Zot.
 58311 | Elf:1    | Entered Level 1 of the Elven Halls
 58528 | Elf:1    | Identified the +2 ring mail "Vytacesh" {Str-4 Int+9} (You
                  | found it on level 1 of the Elven Halls)
 58990 | Elf:1    | Reached skill level 5 in Slings
 59134 | Elf:1    | Reached skill level 14 in Dodging
 60434 | Elf:2    | Found Ymoeroh's Gadget Shop.
 60445 | Elf:2    | Reached skill level 24 in Fighting
 60469 | Elf:2    | Received a gift from Trog
 60543 | Elf:1    | Reached skill level 6 in Slings
 60849 | Elf:2    | Found a runed translucent gate.
 60849 | Elf:2    | Found a runed translucent gate.
 60849 | Elf:2    | Found a runed translucent gate.
 60925 | Elf:2    | Received a gift from Trog
 60932 | Elf:2    | Reached skill level 15 in Dodging
 61196 | Elf:2    | Reached skill level 7 in Slings
 61607 | Depths:4 | Voluntarily entered the Abyss.
 61709 | Abyss:2  | Reached XP level 24. HP: 190/190 MP: 22/22
 62033 | Abyss:3  | Reached skill level 8 in Slings
 62091 | Abyss:3  | Paralysed by accursed screaming for 1 turns
 62115 | Abyss:3  | Paralysed by accursed screaming for 2 turns
 62322 | Abyss:4  | Lost intelligence.
 62338 | Abyss:4  | Gained mutation: Scrolls take you a little longer to read.
                  | [a neqoxec]
 62374 | Abyss:4  | Reached skill level 9 in Slings
 62449 | Abyss:4  | Received a gift from Trog
 62566 | Abyss:4  | Paralysed by accursed screaming for 1 turns
 62568 | Abyss:4  | HP: 19/240 [smoke demon/divine providence (10)]
 62568 | Abyss:4  | HP: 3/240 [reaper/+5 antimagic scythe (16)]
 62570 | Abyss:4  | Killed from afar by a smoke demon

Vanquished Creatures
  A juggernaut (Depths:3)
  Sojobo (Vaults:4)
  Margery (Depths:4)
  A caustic shrike (Depths:3)
  2 golden dragons
  3 bone dragons
  the Enchantress (Depths:5)
  3 tentacled monstrosities
  A quicksilver dragon (Depths:3)
  5 liches
  4 titans
  2 tentacled starspawn
  Frances (D:13)
  6 sphinxes
  5 shadow dragons
  An ancient champion (Vaults:3)
  9 tengu reavers
  2 draconian monks (Depths:5)
  Donald (Swamp:3)
  4 thorn hunters
  4 storm dragons
  7 vault wardens
  12 frost giants
  3 deep elf sorcerers
  7 fire giants
  2 iron dragons
  3 orc warlords
  7 emperor scorpions
  2 curse skulls (Vaults:3)
  A balrug (Abyss:4)
  5 ghost moths
  A cacodemon (Depths:3)
  2 deep elf elementalists
  2 war gargoyles
  3 spriggan defenders (Depths:4)
  8 ironheart preservers
  22 stone giants
  2 entropy weavers
  16 very ugly things
  3 vampire knights
  4 deep elf annihilators
  3 deep elf demonologists
  11 spark wasps
  A yellow draconian (Abyss:4)
  2 black draconians (Depths:5)
  A green draconian (Abyss:3)
  2 purple draconians (Depths:5)
  11 fire dragons
  Josephine (Lair:2)
  A deep elf death mage (Elf:1)
  17 ettins
  8 rakshasas
  2 deep elf high priests
  13 yaktaur captains
  11 great orbs of eyes
  Fannar (Orc:1)
  17 hydras
  Harold (Lair:1)
  7 ice dragons
  2 shambling mangroves
  24 vault guards
  7 spriggan air magi
  10 centaur warriors
  66 two-headed ogres
  Erica (D:11)
  3 death knights
  23 ogre magi
  A two-headed ogre (shapeshifter) (Depths:4)
  5 deep troll shamans
  8 large abominations
  7 thrashing horrors
  10 alligators
  5 deep troll earth magi
  3 hell hogs (Depths:5)
  Urug (D:11)
  3 tengu warriors
  2 vampire magi
  12 dancing weapons
  8 death yaks
  6 orc high priests
  A titan zombie (Depths:3)
  8 spriggan berserkers
  4 sun demons
  17 deep elf knights
  5 wretched stars
  3 spriggans
  2 shadow wraiths
  3 skeletal warriors (Vaults:2)
  8 hell knights (Depths:4)
  A spatial maelstrom (Abyss:4)
  3 flayed ghosts
  3 unseen horrors
  5 glowing orange brains
  22 deep trolls
  2 wizards
  5 swamp dragons
  2 spriggan druids (Swamp:3)
  14 deep elf archers
  4 phantasmal warriors
  17 ironbrand convokers
  A shadow dragon skeleton (Depths:3)
  33 wolf spiders
  Pikel (D:9)
  49 deep elf magi
  4 necromancers
  15 orc knights
  8 orc sorcerers
  13 orb spiders
  A frost giant zombie (Depths:3)
  14 cyclopes
  2 manticores
  A salamander (shapeshifter) (Vaults:3)
  2 moths of wrath
  51 ugly things
  2 worldbinders (Abyss:3)
  5 elephants (Lair:4)
  A centaur zombie (D:15)
  An apocalypse crab (Abyss:4)
  4 black mambas
  3 naga magi
  Psyche (D:8)
  15 vault sentinels
  3 smoke demons
  2 black mambas (shapeshifter)
  A rust devil (Depths:3)
  A guardian serpent (Abyss:4)
  3 gargoyles
  11 cane toads
  3 torpor snails
  3 rime drakes
  An efreet (Abyss:4)
  A kobold demonologist (D:13)
  51 yaktaurs
  A yaktaur (shapeshifter) (Vaults:4)
  8 freezing wraiths
  A rime drake (shapeshifter) (Vaults:3)
  8 demonic crawlers
  4 tengu conjurers
  A tormentor (Abyss:4)
  3 komodo dragons
  An ice devil (Depths:3)
  A komodo dragon (shapeshifter) (Vaults:2)
  4 ancient zymes
  A red devil (Abyss:4)
  A troll (shapeshifter) (Vaults:3)
  A merfolk (shapeshifter) (Vaults:1)
  4 hornets
  12 blink frogs
  A polar bear (shapeshifter) (Depths:3)
  5 tyrant leeches
  6 trolls
  37 jumping spiders
  2 polar bears (Lair:3)
  13 raiju
  2 raiju (shapeshifter)
  2 wind drakes (shapeshifter)
  A hornet (shapeshifter) (Depths:1)
  A blink frog (shapeshifter) (Depths:3)
  13 bog bodies
  20 slime creatures
  3 dream sheep (Lair:4)
  10 hippogriffs
  A stone giant simulacrum (Vaults:2)
  9 starcursed masses
  54 redbacks
  5 air elementals
  A vampire (D:12)
  6 water elementals
  12 wraiths
  4 wyverns
  Eustachio (D:6)
  2 spriggans (shapeshifter)
  18 tarantellas
  3 shadows
  A hog (D:13)
  3 fire elementals
  A ynoxinul (Abyss:3)
  3 fire bats (Abyss:3)
  47 yaks
  3 chaos spawn
  4 neqoxecs
  24 vampire mosquitoes
  5 humans (shapeshifter)
  19 swamp worms
  5 wargs
  A soldier ant (D:7)
  3 nagas (Abyss:4)
  6 insubstantial wisps (Abyss:4)
  A soldier ant (shapeshifter) (Abyss:4)
  12 water moccasins
  2 floating eyes (Depths:4)
  11 porcupines
  5 hell hounds (Depths:5)
  9 swamp drakes
  52 orc warriors
  4 sky beasts
  4 ice beasts
  4 black bears
  A wolf (shapeshifter) (Depths:3)
  2 necrophages
  5 wolves (Lair:1)
  19 centaurs
  38 ogres
  11 crocodiles
  2 lemures (D:9)
  A gnoll sergeant (D:7)
  7 big kobolds
  19 bullfrogs
  5 scorpions
  16 killer bees
  6 wights
  4 electric eels
  4 howler monkeys
  A crimson imp (Depths:2)
  2 quasits
  13 hounds
  A bullfrog zombie (D:10)
  7 centaur skeletons
  25 orc priests
  4 jellies
  30 orc wizards
  3 bullfrog skeletons
  8 iguanas
  An iron imp (Abyss:4)
  Jessica (D:3)
  Terence (D:3)
  10 worker ants
  7 small abominations
  A killer bee zombie (D:7)
  A hound zombie (D:11)
  A hound skeleton (D:6)
  2 worker ant zombies (D:8)
  13 gnolls
  14 adders
  5 shadow imps
  4 white imps
  8 ufetubi
  4 oozes
  4 worms
  3 adder skeletons
  A dart slug (D:3)
  8 leopard geckos
  90 orcs
  7 giant cockroaches
  9 goblins
  4 hobgoblins
  6 jackals
  29 kobolds
  3 quokkas
  A ball python (D:3)
  15 bats
  6 frilled lizards
  A leopard gecko skeleton (D:4)
  A leopard gecko zombie (D:7)
  16 rats
  2 briar patches (Swamp:4)
  2 starspawn tentacles
1950 creatures vanquished.

Vanquished Creatures (collateral kills)
  A caustic shrike (Depths:3)
  Kirke (D:13)
  A tengu reaver (Depths:4)
  A frost giant (Depths:3)
  An emperor scorpion (Spider:4)
  2 stone giants
  2 ettins
  3 hydras (Swamp:4)
  An ice dragon (Depths:1)
  A rakshasa (Depths:1)
  A centaur warrior (D:13)
  2 two-headed ogres
  A death knight (D:13)
  4 dancing weapons
  A spriggan berserker (Depths:5)
  2 skeletal warriors (D:13)
  9 hell knights (Depths:4)
  2 swamp dragons (Swamp:4)
  A deep elf archer (Elf:2)
  A spriggan druid (Swamp:4)
  7 deep elf magi
  An orc knight (Elf:2)
  A necromancer (Depths:4)
  3 ugly things
  2 orc sorcerers (Orc:1)
  A guardian serpent (D:14)
  A freezing wraith (D:12)
  A troll (Orc:1)
  A tyrant leech (Swamp:3)
  2 slime creatures (Depths:1)
  A water elemental (Elf:2)
  A spriggan (Swamp:3)
  3 hogs (D:13)
  A basilisk (D:12)
  3 orc warriors
  A swamp drake (Swamp:4)
  2 centaurs (D:13)
  3 earth elementals
  A gnoll sergeant (D:12)
  A bullfrog zombie (D:13)
  A hound (D:13)
  3 orc priests
  An orc wizard (D:13)
  A worker ant (D:13)
  10 orcs
91 creatures vanquished.

Vanquished Creatures (others)
  Asterion (Vaults:1)
  A deep elf mage (Elf:1)
  6 briar patches (Swamp:4)
  13 fungi
  A lurking horror (Abyss:4)
  26 plants
  4 starspawn tentacles
  6 withered plants (Depths:1)
58 creatures vanquished.

Grand Total: 2099 creatures vanquished

Table legend: (Time is in decaauts)
 A = Elapsed time spent in this place.
 B = Non-inter-level travel time spent in this place.
 C = Inter-level travel time spent in this place.
 D = Time resting spent in this place.
 E = Time spent auto-exploring this place.
 F = Levels seen in this place.
 G = Mean time per level.
                   A        B        C        D        E       F      G
               +--------+--------+--------+--------+--------+-----+--------+
         Total |  61781 |  56703 |   5078 |  10490 |  33905 |  47 | 1314.5 |
       Dungeon |  20291 |  18462 |   1829 |   2692 |  12382 |  15 | 1352.7 |
          Lair |   7614 |   6472 |   1142 |   1241 |   4488 |   5 | 1522.8 |
         Swamp |   4636 |   4467 |    169 |    736 |   2726 |   4 | 1159.0 |
   Spider Nest |   5225 |   5102 |    123 |   1783 |   2278 |   4 | 1306.2 |
  Orcish Mines |   3422 |   2932 |    490 |    781 |   1273 |   2 | 1711.0 |
   Elven Halls |   2982 |   2780 |    202 |    321 |   1863 |   2 | 1491.0 |
        Vaults |   7806 |   7301 |    505 |    883 |   4726 |   4 | 1951.5 |
        Depths |   8709 |   8093 |    616 |   1868 |   3966 |   5 | 1741.8 |
          Hell |      1 |      1 |      0 |      0 |      0 |   1 |    1.0 |
         Abyss |    905 |    905 |      0 |    181 |     96 |   4 |  226.2 |
         Sewer |    186 |    186 |      0 |      0 |    105 |   1 |  186.0 |
               +--------+--------+--------+--------+--------+-----+--------+

Top non-repeatable levels by time:
Depths:2: 2433 daAuts
Vaults:3: 2374 daAuts
   Orc:2: 2312 daAuts
   Elf:1: 2246 daAuts
    D:14: 2180 daAuts
  Lair:3: 2161 daAuts
Depths:3: 2015 daAuts
Vaults:1: 1958 daAuts
    D:15: 1933 daAuts
  Lair:2: 1896 daAuts
Spider:1: 1884 daAuts
Vaults:4: 1856 daAuts
Depths:4: 1832 daAuts
     D:3: 1783 daAuts
Vaults:2: 1617 daAuts

Table legend:
 A = Non-vault XP
 B = Vault XP
 C = Vault XP percentage of total XP
 D = Non-vault monster count
 E = Vault monster count
 F = Vault count percentage of total count
                 A         B        C        D         E       F
            +---------+---------+-------+---------+---------+-------
      Total |  546765 |  490903 |  47.3 |    1369 |     667 |  32.8
            +---------+---------+-------+---------+---------+-------
        D:1 |      36 |       0 |   0.0 |      23 |       0 |   0.0
        D:2 |      44 |       0 |   0.0 |      21 |       0 |   0.0
        D:3 |     207 |      73 |  26.1 |      34 |       2 |   5.6
        D:4 |     597 |      51 |   7.9 |      20 |       5 |  20.0
        D:5 |     207 |       7 |   3.3 |      11 |       4 |  26.7
        D:6 |     706 |     357 |  33.6 |      18 |       3 |  14.3
        D:7 |     789 |    1422 |  64.3 |      29 |      12 |  29.3
        D:8 |    1237 |     754 |  37.9 |      25 |      11 |  30.6
        D:9 |    3202 |     617 |  16.2 |      31 |       1 |   3.1
       D:10 |    3293 |       0 |   0.0 |      22 |       0 |   0.0
       D:11 |    1760 |    3512 |  66.6 |      26 |      15 |  36.6
       D:12 |    8401 |       0 |   0.0 |      35 |       0 |   0.0
       D:13 |   10062 |    4331 |  30.1 |      52 |       6 |  10.3
       D:14 |   11442 |    8957 |  43.9 |      41 |      10 |  19.6
       D:15 |   25621 |    7399 |  22.4 |      41 |      11 |  21.2
     Lair:1 |    3303 |     987 |  23.0 |      15 |       1 |   6.2
     Lair:2 |    7665 |    2935 |  27.7 |      18 |      10 |  35.7
     Lair:3 |    9440 |    1974 |  17.3 |      32 |       3 |   8.6
     Lair:4 |   11368 |    2213 |  16.3 |      41 |       9 |  18.0
     Lair:5 |    3633 |       0 |   0.0 |      19 |       0 |   0.0
    Swamp:1 |    9037 |     220 |   2.4 |      33 |       1 |   2.9
    Swamp:2 |    8698 |       0 |   0.0 |      23 |       0 |   0.0
    Swamp:3 |   11494 |    1704 |  12.9 |      28 |       1 |   3.4
    Swamp:4 |   11405 |   14740 |  56.4 |      17 |      24 |  58.5
   Spider:1 |   16615 |       0 |   0.0 |      41 |       0 |   0.0
   Spider:2 |   16474 |       0 |   0.0 |      40 |       0 |   0.0
   Spider:3 |   15097 |       0 |   0.0 |      38 |       0 |   0.0
   Spider:4 |    6477 |   21879 |  77.2 |      15 |      37 |  71.2
      Orc:1 |    4382 |    1162 |  21.0 |      28 |       2 |   6.7
      Orc:2 |    1446 |    8621 |  85.6 |       9 |      67 |  88.2
      Elf:1 |   19669 |    7174 |  26.7 |      38 |      12 |  24.0
      Elf:2 |   16297 |   13634 |  45.6 |      35 |      35 |  50.0
   Vaults:1 |   31750 |   25709 |  44.7 |      67 |      33 |  33.0
   Vaults:2 |   10576 |   21494 |  67.0 |      19 |      39 |  67.2
   Vaults:3 |   38858 |   51762 |  57.1 |      57 |      55 |  49.1
   Vaults:4 |   51632 |   19521 |  27.4 |      72 |      13 |  15.3
   Depths:1 |   38665 |       0 |   0.0 |      54 |       0 |   0.0
   Depths:2 |   36985 |   60304 |  62.0 |      46 |      68 |  59.6
   Depths:3 |   34016 |   76884 |  69.3 |      41 |      49 |  54.4
   Depths:4 |     880 |   98240 |  99.1 |       1 |      86 |  98.9
   Depths:5 |   16666 |   28161 |  62.8 |      16 |      23 |  59.0
    Abyss:2 |    1002 |       0 |   0.0 |       2 |       0 |   0.0
    Abyss:3 |   19942 |    4003 |  16.7 |      42 |      10 |  19.2
    Abyss:4 |   25689 |       0 |   0.0 |      53 |       0 |   0.0
      Sewer |       0 |     102 | 100.0 |       0 |       9 | 100.0
            +---------+---------+-------+---------+---------+-------
